 Dungeon Crawl Stone Soup version 0.29-a0-728-g6bb282b620 (console) character file.

Game seed: 1843544248083085721

1515 Banquo the Destroyer (level 8, 0/46 HPs)
             Began as an Octopode Conjurer on June 29, 2022.
             Was an Initiate of Ashenzari.
             Slain by an orc
             ... wielding a +2 trident of venom
              (11 damage)
             ... on level 6 of the Dungeon.
             The game lasted 00:22:34 (7826 turns).

Banquo the Destroyer (Octopode Conjurer)            Turns: 7826, Time: 00:22:35

Health: 0/46       AC:  1    Str:  6    XL:     8   Next: 83%
Magic:  26/26      EV: 17    Int: 23    God:    Ashenzari [......]
Gold:   281        SH:  0    Dex: 10    Spells: 8/19 levels left

rFire   . . .      SeeInvis .   a - staff of conjuration
rCold   . . .      Faith    .   (no shield)
rNeg    . . .      Spirit   .   (helmet restricted)
rPois   .          Reflect  .   (no amulet)
rElec   .          Harm     .   M - ring of magical power
rCorr   .          Rampage  .   E - +4 ring of evasion
Will    +....                   w - ring of willpower
Stlth   ++++......              (no ring)
HPRegen 0.15/turn               (no ring)
MPRegen 0.20/turn               (no ring)
                                (no ring)
                                (no ring)

@: no status effects
A: almost no armour, amphibious, 8 rings, camouflage 1, gelatinous body 1,
(nimble swimmer 1), tentacles
a: Renounce Religion


You were on level 6 of the Dungeon.
You worshipped Ashenzari.
Ashenzari was noncommittal.
You visited 2 branches of the dungeon, and saw 7 of its levels.

You collected 323 gold pieces.
You spent 42 gold pieces at shops.

Inventory:

Hand Weapons
 b - a +1 dagger of venom
 c - a +0 spear
 k - a +2 club
 z - a +1 morningstar of protection
Missiles
 h - 45 stones
 j - 5 boomerangs
Magical Staves
 a - a staff of conjuration (weapon)
Jewellery
 w - a ring of willpower (on tentacle)
 E - a +4 ring of evasion (right tentacle)
 M - a ring of magical power (left tentacle)
Wands
 o - a wand of mindburst (13)
Scrolls
 e - 3 scrolls of blinking {unknown}
 g - 3 scrolls of enchant weapon {unknown}
 l - a scroll of fog {unknown}
 m - a scroll of teleportation {unknown}
 r - a scroll of noise {unknown}
 t - a scroll of fear {unknown}
 u - a scroll of magic mapping
 v - a scroll of enchant armour {unknown}
 y - a scroll of poison {unknown}
Potions
 d - 3 potions of curing
 f - 4 potions of mutation
 i - 3 potions of brilliance
 n - a potion of might
 p - a potion of attraction
 q - a potion of magic
 s - 3 potions of flight
 x - a potion of heal wounds {unknown}
 A - a potion of lignification {unknown}
 B - a potion of berserk rage {unknown}


   Skills:
 + Level 0.2 Fighting
 + Level 2.4 Dodging
 + Level 4.7 Stealth
 * Level 6.2 Spellcasting
 * Level 8.0 Conjurations
 * Level 3.4 Hexes


You had 8 spell levels left.
You knew the following spells:

 Your Spells              Type           Power      Damage    Failure   Level
a - Magic Dart            Conj           100%       1d8       1%          1
m - Iskenderun's Mystic   Conj/Tloc      38%        2d9       16%         4
p - Fulminant Prism       Conj/Hex       25%        3d14      8%          4
r - Searing Ray           Conj           100%       2d8       1%          2

Your spell library contained the following spells:

 Spells                   Type           Power      Damage    Failure   Level
 Dazzling Flash           Conj/Hex       100%       N/A       2%          3
 Anguish                  Hex/Necr       7%         N/A       38%         4
 Corpse Rot               Necr/Pois/Air  7%         N/A       63%         4
 Dispel Undead            Necr           7%         3d8       63%         4
 Death Channel            Necr           3%         N/A       100%        6
 Enfeeble                 Hex            11%        N/A       100%        7
 Borgnjor's Revivificati  Necr           3%         N/A       100%        8
 Necromutation            Tmut/Necr      3%         N/A       100%        8
 Death's Door             Necr           3%         N/A       100%        9


Dungeon Overview and Level Annotations

Branches:
Dungeon (6/15)             Temple (1/1) D:6

Altars:
Ashenzari
Cheibriados
Elyvilon
Fedhas
Gozag
Hepliaklqana
Makhleb
Nemelex Xobeh
Okawaru
Qazlal
Ru
Sif Muna
Trog
Uskayaw
Vehumet
Wu Jian
Yredelemnul
Zin

Shops:
D:4 *:(**

Annotations:
D:5 1 runed translucent door, Crazy Yiuf


Innate Abilities, Weirdness & Mutations

You cannot wear most types of armour.
You are amphibious.
You can wear up to eight rings at the same time.
Your skin changes colour to match your surroundings (Stealth+).
Your rubbery body absorbs attacks. (AC +1, EV +1)
((You are camouflaged when in or above water. (Stealth+)))
You have tentacles for arms and can constrict up to eight enemies at once.


Message History

The orc is almost dead.
The orc misses you.
The orc priest calls upon Beogh to heal the orc.
The orc is healed somewhat.
You hear a shout!
Casting: Magic Dart (safe; 1% risk of failure)
Confirm with . or Enter, or press ? or * to list all spells.
Aiming: Magic Dart (safe; 1% risk of failure)
Press: ? - help, Shift-Dir - straight line, f - orc, p - orc priest
Aim: an orc, wielding a +2 trident of venom (lightly wounded, 100% to hit)
You feel a surge of power!
The magic dart hits the orc.
The orc is almost dead.
The orc hits you from afar with a +2 trident of venom!
You are poisoned.
Casting: Magic Dart (safe; 1% risk of failure)
Confirm with . or Enter, or press ? or * to list all spells.
Okay, then.
Press: ? - help, v - describe, . - travel
Here: an orc, wielding a +2 trident of venom (almost dead)
The floor.
You feel very sick.
You feel very sick.
You feel very sick.
You feel very sick.
You feel sick.
You feel sick.
You feel sick.
The orc priest calls upon Beogh to heal the orc.
The orc is healed somewhat.
You feel sick.
You feel sick.
You feel sick.
You feel sick.
You feel sick.
You are no longer poisoned.
The orc priest calls upon Beogh to heal the orc.
The orc's wounds heal themselves!
There is a stone staircase leading up here.
The orc hits you from afar with a +2 trident of venom!
You die...

##.....#.#.#....#. ..
##...#.#.#.#.##.....
##...#...........#.####
##......#.##.#.#.#....#
##...##.#....#.#......#
##....................#
######....[###.o.# o
#### #####.###.#.# .#
...# #..##o#@# .## ...#
##.##.#.#... ...#
#..#.#.#.##### ...#
##...#........ ####
#..##.# #.o##.# #...#.#
#.#.#o# #.#.#.#


You could see an orc warrior and an orc.

Vanquished Creatures
  Grinder (D:5)
  A water moccasin (D:5)
  A black bear (D:4)
  An ogre (D:5)
  A phantom (D:5)
  A necrophage (D:4)
  A bullfrog (D:5)
  4 scorpions
  2 howler monkeys
  2 hounds (D:6)
  2 orc priests
  An iguana (D:6)
  4 orc wizards
  Robin (D:2)
  12 adders
  A gnoll (D:1)
  2 shadow imps
  2 white imps (D:5)
  4 worms
  2 dart slugs
  16 orcs
  7 ball pythons
  6 bats
  4 endoplasms
  3 giant cockroaches
  12 goblins
  13 hobgoblins
  5 kobolds
  4 quokkas
  3 frilled lizards
  7 rats
126 creatures vanquished.

Vanquished Creatures (others)
  A fungus (D:5)
  3 plants (D:2)
4 creatures vanquished.

Grand Total: 130 creatures vanquished

Notes
Turn   | Place    | Note
-------+----------+-------------------------------------------
     0 | D:1      | Banquo the Octopode Conjurer began the quest for the Orb.
     0 | D:1      | Reached XP level 1. HP: 11/11 MP: 3/3
   136 | D:1      | Reached XP level 2. HP: 9/17 MP: 0/5
   465 | D:1      | Learned a level 2 spell: Searing Ray
   642 | D:1      | Found a faded altar of an unknown god.
   730 | D:1      | Reached XP level 3. HP: 21/21 MP: 4/6
  1143 | D:2      | Reached skill level 5 in Conjurations
  1558 | D:2      | Reached XP level 4. HP: 27/27 MP: 7/7
  1864 | D:2      | Noticed Robin
  1874 | D:2      | Learned a level 4 spell: Fulminant Prism
  1927 | D:2      | Killed Robin
  2475 | D:2      | Found a shimmering blue altar of Sif Muna.
  2485 | D:2      | Reached XP level 5. HP: 31/31 MP: 8/8
  3245 | D:3      | Found a sparkling altar of Nemelex Xobeh.
  3476 | D:3      | Reached skill level 1 in Hexes
  3854 | D:3      | Reached skill level 6 in Conjurations
  3910 | D:3      | Reached XP level 6. HP: 28/36 MP: 10/10
  3916 | D:3      | Learned a level 4 spell: Iskenderun's Mystic Blast
  4789 | D:4      | Noticed a black bear
  4792 | D:4      | Killed a black bear
  4793 | D:4      | Reached XP level 7. HP: 41/41 MP: 12/12
  4871 | D:4      | Found Fiugic's General Store.
  4879 | D:4      | Bought a scroll of magic mapping for 42 gold pieces
  5026 | D:4      | Found Dedison's General Store.
  5062 | D:4      | Found Ryd Apoh's General Store.
  5098 | D:4      | Found Punoti's Weapon Boutique.
  5333 | D:4      | Found Xaguim's Book Shop.
  5877 | D:5      | Entered Level 5 of the Dungeon
  6032 | D:5      | Reached skill level 5 in Spellcasting
  6032 | D:5      | Reached skill level 7 in Conjurations
  6032 | D:5      | Reached XP level 8. HP: 46/46 MP: 15/15
  6521 | D:5      | Found a shimmering blue altar of Sif Muna.
  6559 | D:5      | Noticed Grinder
  6776 | D:5      | Killed Grinder
  7074 | D:5      | Found a runed translucent door.
  7075 | D:5      | Noticed Crazy Yiuf
  7542 | D:6      | Found a staircase to the Ecumenical Temple.
  7561 | D:6      | Reached skill level 8 in Conjurations
  7627 | Temple   | Entered the Ecumenical Temple
  7740 | Temple   | Became a worshipper of Ashenzari the Shackled
  7826 | D:6      | Slain by an orc

Illustrated notes

Levels and vault maps discovered:
D:1:      heliophobic_arrival_battle_scene, layout_basic,
          dreamdust_ecumenical_altar_hidden_monk_grotto,
          minmay_misc_feat_diagonals, minmay_misc_feat_room
D:2:      layout_basic, basic_altar, serial_forest, infiniplex_forest_end_2,
          infiniplex_forest_straight_3, infiniplex_forest_straight_2,
          infiniplex_forest_lined_3_way, infiniplex_forest_clump_long,
          infiniplex_forest_lined_3, infiniplex_forest_clump_medium,
          minmay_tromino_v4_c, uniq_robin
D:3:      minmay_spotlight, layout_loops_ring, nemelex_spade_bored_becter,
          roderic_roman_lattice
D:4:      layout_layer_cave, serial_shops, shop, nicolae_shop_window_shopping,
          kennysheep_little_box, shop, kennysheep_mini, grunt_decor_arrowhead,
          minivault_19
D:5:      layout_loops_ring, mainiacjoe_overflow_concentric_impassable,
          uniq_grinder, uniq_crazy_yiuf_cottage
D:6:      layout_basic, minmay_temple_entry_ruins, uniq_pikel
Temple:   lightli_temple_of_artemis

Skill      XL: |  1  2  3  4  5  6  7  8 |
---------------+-------------------------+-----
Conjurations   | 5 6 7 8 |  8.0
Stealth        | 3 4 |  4.7
Hexes          | 1 2 3 |  3.4
Spellcasting   | 3 5 6 |  6.2
Fighting       | |  0.2
Dodging        | |  2.4

Action                   |  1- 3 |  4- 6 |  7- 9 || total
-------------------------+-------+-------+-------++-------
Melee: Tentacles         |     3 |     2 |     1 ||     6
       Unarmed           |     2 |       |       ||     2
       Constrict         |     3 |     2 |     2 ||     7
       Dagger            |     7 |    15 |     2 ||    24
       Staff             |       |       |     3 ||     3
 Cast: Magic Dart        |    41 |   117 |    60 ||   218
       Searing Ray       |     1 |    11 |    25 ||    37
  Use: Scroll            |       |     4 |     1 ||     5
 Stab: Sleeping          |       |     2 |       ||     2
Armor: Skin              |     1 |     2 |       ||     3
Dodge: Dodged            |    13 |    10 |     6 ||    29

Table legend: (Time is in decaauts)
 A = Elapsed time spent in this place.
 B = Non-inter-level travel time spent in this place.
 C = Inter-level travel time spent in this place.
 D = Time resting spent in this place.
 E = Time spent auto-exploring this place.
 F = Levels seen in this place.
 G = Mean time per level.
                   A        B        C        D        E       F      G
               +--------+--------+--------+--------+--------+-----+--------+
         Total |   7822 |   7523 |    299 |    943 |   5564 |   7 | 1117.4 |
       Dungeon |   7685 |   7408 |    277 |    943 |   5455 |   6 | 1280.8 |
        Temple |    137 |    115 |     22 |      0 |    109 |   1 |  137.0 |
               +--------+--------+--------+--------+--------+-----+--------+

Top non-repeatable levels by time:
     D:2: 1914 daAuts
     D:4: 1512 daAuts
     D:3: 1402 daAuts
     D:5: 1195 daAuts
     D:1: 1084 daAuts
     D:6: 576 daAuts
  Temple: 137 daAuts
